 Dungeon Crawl Stone Soup version 0.24-a0-22-g2a401c0 (webtiles) character file.

Game seed: 9268540515563919105

230 varaam the Caller (level 5, -2/25 HPs)
             Began as a Deep Elf Summoner on Feb 1, 2019.
             Was a Plaything of Xom.
             Killed from afar by an orc wizard (6 damage)
             ... with a puff of frost
             ... on level 4 of the Dungeon.
             The game lasted 00:17:20 (6499 turns).

varaam the Caller (Deep Elf Summoner)               Turns: 6499, Time: 00:17:20

Health: -2/25      AC:  4    Str:  3 (5)  XL:     5   Next: 72%
Magic:  3/11       EV: 13    Int: 19 (21) God:    Xom [...*..]
Gold:   149        SH:  0    Dex: 15      Spells: 2/10 levels left

rFire    . . .     SeeInvis .   y - +0 whip (venom)
rCold    . . .     Gourm    .   (no shield)
rNeg     . . .     Faith    .   a - +0 robe
rPois    .         Spirit   .   k - +0 helmet
rElec    .         Reflect  .   (no cloak)
rCorr    .         Harm     .   l - +0 pair of gloves
MR       .....                  (no boots)
Stlth    ++........             (no amulet)
HPRegen  0.08/turn              (no ring)
MPRegen  0.12/turn              (no ring)

@: lethally poisoned (-2 -> -5)
A: deterioration 1, frail 1, screaming 1
a: Renounce Religion


You were on level 4 of the Dungeon.
You worshipped Xom.
You were a favourite toy of Xom.
You were hungry.

You visited 1 branch of the dungeon, and saw 4 of its levels.
You also visited: Sewer.

You collected 149 gold pieces.

Inventory:

Hand Weapons
 f - a +0 short sword
 n - a +0 hunting sling
 r - a +2 dagger of speed
 x - a +5 club
 y - a +0 whip of venom (weapon)
Missiles
 j - 12 curare-tipped needles
 t - 42 sling bullets
 Q - 163 stones (quivered)
Armour
 a - a +0 robe (worn)
 k - a +0 helmet (worn)
 l - a +0 pair of gloves (worn)
Scrolls
 e - 6 scrolls of remove curse {unknown}
 i - 5 scrolls of identify {unknown}
 m - 4 scrolls of teleportation {unknown}
 o - 2 scrolls of fog {unknown}
 s - a scroll of fear {unknown}
 w - a scroll of blinking {unknown}
 z - a scroll of magic mapping {unknown}
Potions
 b - a potion of agility {unknown}
 d - 2 potions of heal wounds {unknown}
 g - a potion of flight {unknown}
 h - 3 potions of curing
 p - 2 potions of cancellation {unknown}
 q - a potion of berserk rage {unknown}
 u - 2 potions of haste {unknown}
 v - a potion of brilliance {unknown}
Comestibles
 c - 8 rations


   Skills:
 - Level 3.0 Dodging
 - Level 2.4 Stealth
 - Level 3.0 Spellcasting
 + Level 6.7 Summonings
 * Level 2.8 Air Magic


You had 2 spell levels left.
You knew the following spells:

 Your Spells              Type           Power        Failure   Level  Hunger
a - Summon Small Mammal   Summ           ####         1%          1    None
b - Summon Lightning Spi  Summ/Air       ###.....     22%         4    ####...
c - Call Canine Familiar  Summ           ####....     3%          3    ###....

Your spell library contained the following spells:

 Spells                   Type           Power        Failure   Level  Hunger
 Call Imp                 Summ           ####....     1%          2    ##.....
 Summon Guardian Golem    Hex/Summ       ###.....     12%         3    ###....
 Summon Ice Beast         Ice/Summ       ###.....     36%         4    ####...


Dungeon Overview and Level Annotations

Branches:
Dungeon (4/15)
 Temple: D:4-7

Altars:
Dithmenos
Fedhas
Qazlal
Trog
Vehumet
Wu Jian
Xom
Zin


Innate Abilities, Weirdness & Mutations

Your body sometimes deteriorates upon taking damage.
You are frail. (-10% HP)
You occasionally shout uncontrollably at your foes.


Message History

The orc wizard dies!
You feel your intelligence returning.
The orc wizard looks satisfied for a moment.
The orc hits your lightning spire but does no damage.
Your lightning spire shoots out a bolt of lightning at the orc!
The bolt of electricity hits the orc!
The orc dies!
You feel sick.
The orc wizard miscasts a cantrip.
You take 1 damage, and have 7/25 hp.
You are feeling hungry.
The orc wizard points at you and mumbles some strange words.
The puff of flame hits you.
* * * LOW HITPOINT WARNING * * *
The orc wizard looks satisfied for a moment.
You take 3 damage, and have 4/25 hp.
The orc wizard casts a spell at you. The puff of frost hits you.
You die... "Boring in life, boring in death..."

##.# .#.###### ........#
############## ##.####.#
#########.............
...# #.#
#.....................
#### #.#
#.#######.############
#.####.#######.##########
#.##...........oh.8.....#
#.##.#>...@...o..)).....+
#.##.#.#######.###......#
#.##.#.# #.# .....(#
#....#.# #.# ......#
############.#######.#
....... .....#
#......##.# .......
####.# #......##.#
....... #.# #..†...##.#
....... #.# #......#


You could see an orc wizard, an orc and a friendly hound.

Vault maps used:
D:1:      wheals_arrival_shading, serial_forest, infiniplex_forest_lined_corner,
          infiniplex_forest_lined_corner, infiniplex_forest_diagonal,
          infiniplex_forest_clump_small, infiniplex_forest_clump_C,
          infiniplex_forest_corner_1, infiniplex_forest_clump_double
D:2:      grunt_temple_overflow_order_and_chaos_1, overflow_temple_1_default,
          serial_co_window_serial, co_window_corner_a, co_window_paths_a,
          co_window_corner_a, co_window_corner_a, co_window_paths_a,
          co_window_paths_a, co_window_paths_b, co_window_paths_a,
          co_window_of_opportunity_a, co_window_broadway_a,
          co_window_broadway_a, co_window_of_opportunity_c, co_window_4corner_a,
          glass_columns_a, glass_columns_b, glass_columns_b, glass_columns_a,
          glass_columns_a
D:3:      nicolae_qazlal_style_of_elements, grunt_dithmenos_smoke_and_mirrors,
          gammafunk_temple_overflow_claw, portal_sewer_entry_d,
          minmay_increasing_density, uniq_robin
Sewer:    sewer_co_scattered_pipes

Notes
Turn   | Place    | Note
-------+----------+-------------------------------------------
     0 | D:1      | varaam the Deep Elf Summoner began the quest for the Orb.
     0 | D:1      | Reached XP level 1. HP: 10/10 MP: 6/6
   130 | D:1      | Identified a +0 short sword
   229 | D:1      | Reached XP level 2. HP: 8/15 MP: 6/8
   410 | D:1      | Reached skill level 3 in Dodging
   716 | D:1      | Identified a +0 club
   803 | D:1      | Identified a +0 club
   810 | D:1      | Reached skill level 5 in Summonings
   995 | D:1      | Identified a +0 pair of gloves (You found it on level 1 of
                  | the Dungeon)
  1000 | D:1      | Identified a +0 helmet (You found it on level 1 of the
                  | Dungeon)
  1099 | D:1      | Identified a +0 club
  1108 | D:1      | Identified a +0 club
  1216 | D:1      | Reached XP level 3. HP: 19/19 MP: 9/9
  1384 | D:1      | Identified a +0 club
  1397 | D:1      | Identified a +1 dagger of speed (You found it on level 1 of
                  | the Dungeon)
  1781 | D:2      | Identified a +0 dagger
  2029 | D:2      | Identified a +0 hunting sling (You found it on level 1 of
                  | the Dungeon)
  2086 | D:2      | Learned a level 3 spell: Call Canine Familiar
  2091 | D:2      | Identified a +0 dagger
  2498 | D:2      | Found an ornate altar of the Wu Jian Council.
  2500 | D:2      | Identified a +1 whip of holy wrath
  2500 | D:2      | Identified a +0 robe
  2500 | D:2      | Noticed an angel
  2501 | D:2      | Found a shimmering altar of Xom.
  2634 | D:2      | Identified a +0 dagger
  2649 | D:2      | Found a glowing silver altar of Zin.
  2778 | D:2      | Identified a +0 club
  2800 | D:2      | Identified a +0 club
  2898 | D:2      | Reached skill level 6 in Summonings
  2898 | D:2      | Reached XP level 4. HP: 17/24 MP: 8/10
  3012 | D:2      | Identified a +2 dagger of speed (You found it on level 2 of
                  | the Dungeon)
  3180 | D:3      | Learned a level 4 spell: Summon Lightning Spire
  3277 | D:3      | Identified a +0 flail
  3366 | D:3      | Found a shadowy altar of Dithmenos.
  3439 | D:3      | Found a glowing drain.
  3460 | Sewer    | Entered a sewer
  3473 | Sewer    | HP: 6/24 [poisoned by an adder]
  3885 | Sewer    | Reached skill level 1 in Air Magic
  3934 | Sewer    | Identified a +0 club
  4045 | Sewer    | Identified a +0 whip
  4473 | D:2      | Became a worshipper of Xom the Begetter of Discontinuities
  4742 | D:3      | Noticed a water elemental
  4744 | D:3      | Found a stormy altar of Qazlal.
  4745 | D:3      | Noticed an air elemental
  4745 | D:3      | Noticed an earth elemental
  4745 | D:3      | Noticed a fire elemental
  4758 | D:3      | XOM: silly message
  4931 | D:3      | Identified a +0 club
  4933 | D:3      | Identified a +5 club
  4933 | D:3      | Identified a +0 animal skin
  4933 | D:3      | Identified a +0 helmet
  4933 | D:3      | Noticed Robin
  4933 | D:3      | Identified a +0 club
  4933 | D:3      | Identified a +0 dagger
  4948 | D:3      | Identified a +0 dagger
  4948 | D:3      | Identified a +0 hunting sling
  4951 | D:3      | Identified a +0 club
  4961 | D:3      | Killed Robin
  5183 | D:3      | Found a blossoming altar of Fedhas.
  5183 | D:3      | Found a bloodstained altar of Trog.
  5184 | D:3      | Found a radiant altar of Vehumet.
  5225 | D:3      | XOM: harmless Necr miscast
  5248 | D:3      | Identified a +0 whip of venom (You found it on level 3 of
                  | the Dungeon)
  5390 | D:3      | XOM: give mutations
  5390 | D:3      | Gained mutation: You evolve. [Xom's mischief]
  5390 | D:3      | Gained mutation: You occasionally shout uncontrollably at
                  | your foes. [Xom's mischief]
  5390 | D:3      | Gained mutation: Your body sometimes deteriorates upon
                  | taking damage. [Xom's mischief]
  5390 | D:3      | Gained mutation: You are frail. (-10% HP) [Xom's mischief]
  5600 | D:4      | Identified 3 potions of curing
  5602 | D:4      | Reached XP level 5. HP: 18/25 MP: 2/11
  5733 | D:4      | Identified a +0 short sword
  5780 | D:4      | XOM: scenery: create altars
  5793 | D:4      | Reached skill level 2 in Air Magic
  5985 | D:4      | Identified a +0 hand axe
  6077 | D:4      | Lost mutation: You evolve. [end of evolution]
  6483 | D:4      | Identified a +0 flail
  6483 | D:4      | Identified a +0 leather armour
  6484 | D:4      | Identified a +0 dagger
  6484 | D:4      | Identified a +0 robe
  6484 | D:4      | Identified a +2 dagger of venom
  6484 | D:4      | Identified a +0 robe
  6486 | D:4      | Identified a +0 dagger
  6498 | D:4      | HP: 4/25 [orc wizard/puff of flame (3)]
  6499 | D:4      | Killed from afar by an orc wizard

Table legend:
 A = Turns spent in this place as a percentage of turns spent in the entire game.
 B = Non-inter-level travel turns spent in this place as a percentage of non-inter-level travel turns spent in the entire game.
 C = Inter-level travel turns spent in this place as a percentage of turns spent in this place.
 D = Turns resting spent in this place as a percentage of non-inter-level travel turns spent in this place.
 E = Turns spent auto-exploring this place as a percentage of non-inter-level travel turns spent in this place.
 F = Non-inter-level travel turns spent in this place divided by the number of levels of this place that you've seen.
                   A       B       C       D       E      F
               +-------+-------+-------+-------+-------+----------------------
         Total | 100.0 | 100.0 |   2.9 |   7.1 |  71.5 | 1261.6
       Dungeon |  85.3 |  84.9 |   3.4 |   4.0 |  75.9 | 1338.8
         Sewer |  14.7 |  15.1 |   0.0 |  24.6 |  47.0 | 953.0
               +-------+-------+-------+-------+-------+----------------------

Table legend:
 A = Kills in this place as a percentage of kills in entire the game.
 B = Kills by you in this place as a percentage of kills by you in the entire game.
 C = Kills by friends in this place as a percentage of kills by friends in the entire game.
 D = Other kills in this place as a percentage of other kills in the entire game.
 E = Experience gained in this place as a percentage of experience gained in the entire game.
 F = Experience gained in this place divided by the number of levels of this place that you have seen.
                   A       B       C       D       E      F
               +-------+-------+-------+-------+-------+----------------------
         Total | 100.0 | 100.0 | 100.0 |   N/A | 100.0 |  65.8
       Dungeon |  83.0 |  87.1 |  77.3 |   N/A |  87.5 |  72.0
         Sewer |  17.0 |  12.9 |  22.7 |   N/A |  12.5 |  41.0
               +-------+-------+-------+-------+-------+----------------------

Skill      XL: |  1  2  3  4  5 |
---------------+----------------+-----
Dodging        | 3 |  3.0
Summonings     | 5 6 |  6.7
Air Magic      | 1 2 |  2.8
Stealth        | |  2.4
Spellcasting   | |  3.0

Action                   |  1- 3 |  4- 6 || total
-------------------------+-------+-------++-------
Melee: Unarmed           |    17 |       ||    17
       Short sword       |    81 |       ||    81
       Dagger            |    72 |   142 ||   214
       Whip              |       |    27 ||    27
 Fire: Hunting sling     |    11 |     5 ||    16
Throw: Stone             |     7 |     1 ||     8
 Cast: Summon Small Mamm |    32 |    16 ||    48
       Call Canine Famil |     1 |    11 ||    12
       Summon Lightning  |       |     1 ||     1
  Use: Potion            |       |     1 ||     1
 Stab: Sleeping          |     8 |     6 ||    14
       Distracted        |     1 |     1 ||     2
  Eat: Chunk             |     6 |     6 ||    12
       Ration            |       |     2 ||     2
Armor: Robe              |    36 |    20 ||    56
Dodge: Dodged            |   114 |    76 ||   190

Vanquished Creatures
  A bullfrog skeleton (D:4)
  Robin (D:3)
  4 adders
  An ooze (D:1)
  A leopard gecko (D:2)
  2 orcs
  4 hobgoblins
  5 jackals
  6 kobolds
  A quokka (D:3)
  3 ball pythons
  4 bats
  4 frilled lizards
  15 goblins
  10 rats
  A plant (Sewer)
63 creatures vanquished.

Vanquished Creatures (collateral kills)
  A scorpion (D:4)
  A hound (D:4)
  An orc wizard (D:4)
  3 adders
  An ooze (D:4)
  2 worms
  A dart slug (D:1)
  2 orcs (D:4)
  2 bats (D:1)
  7 goblins
  4 hobgoblins
  8 jackals
  3 kobolds
  A quokka (D:2)
  3 ball pythons
  2 frilled lizards (Sewer)
  2 rats (D:1)
44 creatures vanquished.

Grand Total: 107 creatures vanquished
